Map: Ciudad Esmeralda EE

Players

sanguine - Winner!

  • Race: Zerg Zerg
  • Spawn Location: 11:00

ZeroTul - Winner!

  • Race: Protoss Protoss
  • Spawn Location: 11:00

MrFercho

  • Race: Zerg Zerg
  • Spawn Location: 5:00

TATORREA

  • Race: Protoss Protoss
  • League: Silver
  • Spawn Location: 5:00

VOD

Have the link to the VOD?

Description

Time

  • Played on: June 9, 2020, 8:07 p.m.
  • Length: 10:18
Show
View Real Time Build Order
Export as new Build Order

sanguine Zerg - Winner!

Build Orders: Pool First 

Get SALT Encoding   

  12  0:03  Drone  
  13  0:10  Drone  
  14  0:22  Overlord  
  14  0:28  Extractor  
  13  0:35  Drone  
  14  0:41  Drone  
  15  0:48  Drone  
  15  0:49  Drone  
  17  0:55  Spawning Pool  
  16  0:57  Extractor  
  16  1:02  Drone  
  16  1:12  Drone  
  17  1:25  Drone  
  18  1:40  Hatchery, Drone  
  18  1:44  Drone  
  19  1:57  Lair  
  19  2:04  Drone  
  19  2:06  Drone  
  21  2:58  Hydralisk Den  
  20  3:00  Zergling x6  
  20  3:02  Queen  
  20  3:04  Drone x2  
  27  3:32  Overlord x2  
  27  3:38  Pneumatized Carapace  
  27  3:50  Queen  
  29  3:58  Hydralisk x2  
  29  3:59  Hydralisk  
  35  4:05  Overlord x2  
  35  4:06  Overlord  
  36  4:17  Drone  
  36  4:26  Queen  
  38  4:35  Hydralisk x2  
  38  4:36  Hydralisk x2  
  46  4:47  Drone  
  46  4:52  Drone  
  48  4:53  Drone x2  
  48  5:20  Drone x5  
  48  5:21  Drone  
  54  5:24  Queen  
  55  6:00  Zergling x10  
  55  6:01  Zergling x2  
  61  6:19  Hatchery  
  61  6:25  Hydralisk x4  
  68  7:09  Overlord  
  68  7:10  Overlord x5  
  68  7:42  Hydralisk x5  
  68  7:43  Hydralisk x6  
  88  7:48  Grooved Spines  
  90  7:52  Drone x2  
  90  7:54  Drone  
  93  8:10  Zergling x2  
  93  8:11  Zergling x14  
  96  9:00  Muscular Augments  
Show
View Real Time Build Order
Export as new Build Order

ZeroTul Protoss - Winner!

Build Orders:  

Get SALT Encoding   

  12  0:12  Pylon  
  12  0:13  Probe  
  13  0:31  Gateway  
  13  0:34  Probe  
  14  0:52  Assimilator  
  14  1:48  Gateway  
  14  1:53  Cybernetics Core  
  14  1:56  Gateway  
  14  1:59  Probe  
  15  2:07  Probe  
  15  2:12  Nexus  
  16  2:15  Probe  
  16  2:17  Assimilator  
  16  2:21  Warp Gate  
  17  2:25  Probe  
  18  2:35  Pylon  
  18  2:37  Probe  
  19  2:45  Probe  
  20  2:53  Probe  
  20  2:57  Forge  
  21  3:03  Probe  
  22  3:13  Gateway  
  22  3:20  Probe  
  23  3:32  Probe  
  24  3:53  Protoss Ground Weapons Level 1  
  24  3:55  Twilight Council, Probe  
  25  4:03  Probe  
  26  4:12  Probe  
  26  4:13  Zealot x2  
  26  4:14  Zealot  
  33  4:22  Pylon  
  33  4:23  Charge  
  33  4:24  Probe  
  34  4:36  Probe  
  34  4:37  Zealot x3  
  41  4:57  Pylon  
  35  5:18  Zealot x4  
  43  5:28  Gateway  
  39  5:58  Zealot x2  
  39  5:59  Zealot x2  
  47  6:12  Protoss Ground Armor Level 1  
  47  6:15  Dark Shrine  
  47  6:22  Gateway  
  47  6:24  Gateway, Probe  
  47  6:27  Gateway  
  47  6:32  Assimilator, Probe  
  49  6:41  Probe  
  49  6:45  Zealot x2  
  49  6:46  Zealot x2  
  58  6:53  Probe  
  59  7:05  Probe  
  59  7:06  Pylon, Zealot  
  62  7:12  Pylon  
  62  7:13  Pylon  
  62  7:24  Probe  
  62  7:25  Gateway  
  63  7:30  Dark Templar x2  
  63  7:31  Dark Templar  
  63  7:32  Dark Templar x5  
  63  7:36  Probe  
  80  7:45  Pylon  
  80  7:48  Probe  
  81  7:56  Probe  
  82  8:08  Probe  
  83  8:20  Probe  
  83  8:21  Dark Templar x3  
  83  8:24  Zealot x2  
  94  8:28  Pylon  
  94  8:46  Probe  
  67  9:13  Dark Templar  
  67  9:14  Dark Templar x2  
  67  9:16  Zealot x4  
  81  9:17  Zealot x2  
  85  9:38  Dark Templar  
  85  9:41  Zealot x3  
  85  9:42  Zealot x2  
Show
View Real Time Build Order
Export as new Build Order

MrFercho Zerg 

Build Orders: Hatch First 

Get SALT Encoding   

  12  0:01  Drone  
  13  0:16  Drone  
  13  0:21  Overlord  
  14  0:48  Drone  
  14  0:49  Drone  
  16  0:51  Hatchery  
  15  0:57  Drone  
  15  0:59  Drone  
  17  1:12  Drone  
  18  1:21  Spawning Pool, Drone  
  18  1:32  Drone  
  19  1:41  Extractor  
  19  1:42  Drone  
  19  1:58  Drone  
  20  2:04  Drone x2  
  22  2:14  Drone  
  22  2:15  Queen x2  
  23  2:17  Drone  
  28  2:27  Overlord, Roach Warren  
  28  2:28  Overlord  
  27  2:49  Drone x4  
  31  2:58  Lair  
  31  3:00  Queen  
  31  3:01  Drone  
  31  3:02  Drone  
  35  3:11  Drone x2  
  37  3:27  Roach  
  37  3:28  Roach x2  
  37  3:31  Overlord x2  
  37  3:33  Overlord  
  43  3:50  Roach  
  43  3:51  Roach x3  
  51  3:58  Extractor, Drone x2  
  51  4:01  Extractor  
  51  4:02  Drone  
  52  4:22  Extractor  
  51  4:25  Evolution Chamber  
  51  4:28  Drone x8  
  58  4:33  Drone  
  59  4:42  Drone  
  60  4:46  Drone  
  60  4:47  Drone x4  
  60  4:48  Drone  
  66  5:24  Drone x2  
  68  5:29  Hydralisk Den  
  68  5:30  Zerg Missile Weapons Level 1  
  68  5:33  Hatchery  
  66  5:38  Evolution Chamber  
  65  5:49  Overlord  
  63  5:50  Overlord x4  
  63  6:01  Glial Reconstitution  
  63  6:09  Hydralisk x4  
  71  6:47  Hydralisk  
  71  6:48  Hydralisk x5  
  84  7:01  Drone  
  84  7:07  Zerg Ground Armor Level 1  
  84  7:09  Grooved Spines  
  84  7:12  Drone  
  84  7:13  Drone x2  
  87  7:22  Queen  
  89  7:25  Drone  
  89  7:26  Overlord  
  89  7:27  Overlord x3  
  89  7:28  Overlord  
  90  7:42  Hatchery, Drone  
  90  7:43  Extractor  
  90  7:44  Drone  
  90  7:45  Drone x4  
  90  7:46  Extractor  
  93  8:05  Hydralisk x6  
  93  8:08  Drone  
  106  8:20  Muscular Augments  
  106  8:30  Drone x2  
  108  8:36  Overlord x4  
  108  8:37  Overlord x2  
  108  8:40  Drone  
  109  8:45  Drone  
  109  8:46  Drone x2  
  112  8:55  Hydralisk x7  
  102  9:09  Hydralisk x4  
  102  9:13  Hydralisk x2  
  92  9:18  Overseer  
  80  9:32  Spine Crawler  
  80  9:35  Spine Crawler  
  80  9:37  Hydralisk x6  
  80  9:38  Hydralisk  
Show
View Real Time Build Order
Export as new Build Order

TATORREA Protoss 

Build Orders:  

Get SALT Encoding   

  12  0:02  Probe  
  13  0:18  Probe  
  13  0:19  Pylon  
  14  0:30  Probe  
  15  0:42  Probe  
  16  0:46  Gateway  
  16  0:53  Gateway  
  16  0:59  Probe  
  16  1:04  Assimilator  
  17  1:11  Probe  
  18  1:23  Probe  
  19  1:35  Pylon  
  19  1:36  Zealot  
  21  1:40  Zealot  
  23  1:59  Cybernetics Core  
  23  2:02  Pylon  
  23  2:05  Zealot  
  23  2:07  Zealot  
  27  2:37  Nexus  
  27  2:43  Probe  
  28  2:47  Assimilator  
  28  2:54  Warp Gate  
  28  2:55  Stalker, Probe  
  29  3:04  Stalker  
  31  3:07  Probe  
  34  3:18  Stalker  
  34  3:22  Probe  
  37  3:38  Stalker  
  39  3:49  Probe  
  39  3:50  Pylon  
  39  3:54  Pylon  
  40  3:58  Probe  
  40  4:01  Probe  
  42  4:10  Probe  
  42  4:13  Twilight Council, Probe  
  44  4:23  Probe  
  45  4:25  Probe  
  46  4:36  Probe  
  46  4:37  Probe  
  48  4:48  Probe  
  48  4:49  Probe  
  48  4:52  Robotics Facility  
  50  4:53  Stargate  
  50  4:56  Stargate  
  46  5:00  Probe  
  46  5:01  Probe  
  40  5:12  Probe  
  40  5:13  Probe  
  38  5:17  Stalker  
  38  5:18  Stalker  
  42  5:39  Probe x2  
  44  5:43  Gateway  
  44  5:46  Gateway  
  44  5:47  Gateway  
  44  5:50  Gateway  
  44  6:11  Stalker x2  
  44  6:18  Assimilator  
  48  6:19  Probe x2  
  48  6:21  Assimilator  
  50  6:29  Void Ray x2  
  58  6:37  Immortal  
  62  6:45  Probe  
  63  6:56  Probe  
  64  7:11  Nexus  
  64  7:13  Pylon  
  64  7:15  Pylon  
  64  7:19  Pylon  
  64  7:23  Pylon  
  64  7:28  Pylon  
  64  7:34  Probe x2  
  64  7:35  Pylon  
  66  7:38  Zealot x2  
  66  7:39  Pylon, Zealot x4  
  66  7:42  Charge  
  66  7:44  Pylon  
  78  7:46  Probe x2  
  78  7:50  Immortal  
  85  7:58  Probe x2  
  86  8:10  Probe x2  
  88  8:23  Stalker x2  
  88  8:24  Stalker x2  
  88  8:25  Stalker x2  
  100  8:31  Assimilator  
  100  8:38  Assimilator  
  100  8:43  Pylon  
  100  8:45  Probe x3  
  77  9:00  Stalker x3  
  77  9:01  Stalker x3  
  55  9:20  Observer  
  56  9:26  Zealot x2  
Tags
 
Add a new tag
Caveats
  • Supply blocks, unpowered buildings, or Contaminate may cause inaccurate times.
  • Supply counts are checked every 10 seconds.